 Dungeon Crawl Stone Soup version 0.30-a0-964-gd452b5e7fa (webtiles) character file.

Game seed: 1089493243731876998

277 NinjaNoafa the Caller (level 6, -2/24 HPs)
             Began as a Felid Summoner on Mar 30, 2023.
             Slain by a lemure (9 damage)
             ... led by Pikel
             ... on level 6 of the Dungeon.
             The game lasted 00:07:27 (3608 turns).

NinjaNoafa the Caller (Felid Summoner)              Turns: 3608, Time: 00:07:27

Health: -2/24      AC:  2    Str:  4    XL:     6   Next: 4%
Magic:  23/23      EV: 17    Int: 18    God:
Gold:   247        SH:  0    Dex: 17    Spells: 5/14 levels left
                                        Lives:  0   Deaths: 1

rFire   . . .      SeeInvis +    (weapon unavailable)
rCold   . . .      Faith    .    (shield unavailable)
rNeg    . . .      Spirit   .    (body armour unavailable)
rPois   .          Reflect  .    (helmet unavailable)
rElec   .          Rampage  .    (cloak unavailable)
rCorr   .                        (gloves unavailable)
Will    .....                    (boots unavailable)
Stlth   ++                       (no amulet)
HPRegen 0.24/turn                u - ring of magical power
MPRegen 0.18/turn                p - ring of wizardry

@: quick
A: very small, claws 1, fangs 3, see invisible, speed 1, shaggy fur 2, stealthy
paws, no weapons or thrown items, no armour, multi-lived
a: no special abilities


You were on level 6 of the Dungeon.
You visited 1 branch of the dungeon, and saw 6 of its levels.

You collected 247 gold pieces.

Inventory:

Jewellery
 p - a ring of wizardry (right paw)
 u - a ring of magical power (left paw)
Scrolls
 b - a scroll of amnesia {unknown}
 e - 3 scrolls of teleportation {unknown}
 f - 4 scrolls of identify {unknown}
 g - 2 scrolls of fear {unknown}
 h - 2 scrolls of enchant weapon {unknown}
 j - a scroll of immolation {unknown}
 m - 2 scrolls of enchant armour {unknown}
 o - a scroll of magic mapping {unknown}
 q - a scroll of vulnerability {unknown}
 s - a scroll of fog {unknown}
Potions
 a - 2 potions of magic
 c - 2 potions of brilliance {unknown}
 d - 4 potions of curing {unknown}
 i - a potion of heal wounds {unknown}
 k - a potion of lignification {unknown}
 l - a potion of haste {unknown}
 n - a potion of might {unknown}
 r - a potion of mutation {unknown}
 t - a potion of berserk rage {unknown}
 v - a potion of flight {unknown}


   Skills:
 - Level 2.6 Dodging
 - Level 2.6 Stealth
 + Level 4.7 Spellcasting
 + Level 3.1 Hexes
 + Level 6.2 Summonings


You had 5 spell levels left.
You knew the following spells:

 Your Spells              Type           Power      Damage    Failure   Level
a - Summon Small Mammal   Summ           100%       N/A       1%          1
b - Call Imp              Summ           26%        N/A       1%          2
c - Call Canine Familiar  Summ           26%        N/A       1%          3
d - Summon Guardian Gole  Hex/Summ       21%        N/A       2%          3

Your spell library contained the following spells:

 Spells                   Type           Power      Damage    Failure   Level
 Ensorcelled Hibernation  Hex/Ice        18%        N/A       4%          2
 Sandblast                Erth           8%         2d5       6%          1
 Passwall                 Tmut/Erth      3%         N/A       9%          2
 Ozocubu's Armour         Ice            4%         N/A       16%         3
 Stone Arrow              Conj/Erth      8%         3d7       16%         3
 Swiftness                Air            4%         N/A       16%         3
 Summon Lightning Spire   Summ/Air       15%        N/A       16%         4
 Metabolic Englaciation   Hex/Ice        4%         N/A       58%         5
 Simulacrum               Ice/Necr       2%         N/A       100%        6


Dungeon Overview and Level Annotations

Branches:
Dungeon (6/15)
 Temple: D:4-7

Altars:
Trog

Shops:
D:3 =

Annotations:
D:5 2 transporters, Eustachio
D:6 Pikel


Innate Abilities, Weirdness & Mutations

You have sharp claws.
You have razor-sharp teeth.
You have supernaturally acute eyesight. (SInv)
You cover ground quickly. (Speed+)
You are covered in thick fur. (AC +2)
Your paws help you pounce on unaware monsters.
You are incapable of wielding weapons or throwing items.
You cannot wear armour.
You gain extra lives every three experience levels.


Message History

Your hound bites the iron imp but does no damage.
The crimson imp blinks!
The bat attacks as you move away! The bat barely misses you.
The bat misses you.
Your rat bites the river rat but does no damage.
The bat misses your bat.
Your bat hits the bat.
There is a stone staircase leading up here.
Your bat barely misses the bat.
Your hound bites Eustachio.
The quasit misses you. x2; The quasit claws you.
* * * LOW HITPOINT WARNING * * *
Your rat completely misses the river rat.
The river rat bites your guardian golem.
The quasit misses you. The quasit completely misses you.
The quasit claws you but does no damage.
You climb upwards.
There is a stone staircase leading down here.
Magic restored.
Things that are here:
a +0 leather armour; 7 poisoned darts; a +0 club You see here a +0 long sword.
There is a stone staircase leading down here.
You climb downwards.
Level annotation: 2 transporters, Eustachio
There is a stone staircase leading up here.
Partly explored, unvisited transporter.
(D) Dungeon
Where to? (Enter - D:4 @ (x,y), ? - help)
There is a stone staircase leading down here.
You climb downwards.
Level annotation: Pikel The ice beast misses you.
Pikel completely misses you. The lemure barely misses you.
There is a stone staircase leading up here.
There are monsters nearby!
Pikel hits you with a +1 whip of electrocution.
You are electrocuted!
Ouch! That really hurt!
* * * LOW HITPOINT WARNING * * *
The ice beast misses you. The lemure hits you!
You die...

....................
.........#..........
............$.....$..
..........>.........
............ ..?...
#.........# ##.# .#
#......$.5###K5##.###
#............Y@.....#
#............55.....#
#...................#
#...................#
#...................#
##.......#..........#
##.....##....[.....#
########..........#
#..........#


You could see Pikel, an ice beast and 4 lemures.

Vanquished Creatures
  An orc (D:4)
  2 giant cockroaches
3 creatures vanquished.

Vanquished Creatures (collateral kills)
  Sigmund (D:2)
  Blork the orc (D:4)
  A jelly (D:5)
  A sleepcap (D:5)
  Ijyb (D:3)
  Natasha (D:4)
  3 adders
  An ufetubus (D:5)
  An adder zombie (D:2)
  A worm (D:2)
  3 dart slugs
  3 orcs
  6 bats
  A bat skeleton (D:2)
  10 endoplasms
  4 giant cockroaches
  7 hobgoblins
  6 quokkas
  6 ball pythons
  3 frilled lizards
  4 goblins
  6 kobolds
  6 rats
77 creatures vanquished.

Vanquished Creatures (others)
  A withered plant (D:2)
1 creature vanquished.

Grand Total: 81 creatures vanquished

Notes
Turn   | Place    | Note
-------+----------+-------------------------------------------
     0 | D:1      | NinjaNoafa the Felid Summoner began the quest for the Orb.
     0 | D:1      | Reached XP level 1. HP: 7/7 MP: 4/4
   262 | D:1      | Reached XP level 2. HP: 11/11 MP: 4/6
   422 | D:1      | Found a faded altar of an unknown god.
  1085 | D:2      | Learned a level 2 spell: Call Imp
  1093 | D:2      | Reached XP level 3. HP: 14/14 MP: 5/8
  1097 | D:2      | Learned a level 3 spell: Call Canine Familiar
  1563 | D:2      | Noticed Sigmund
  1579 | D:2      | Killed Sigmund
  1580 | D:2      | Reached skill level 5 in Summonings
  1580 | D:2      | Reached XP level 4. HP: 18/18 MP: 2/11
  1580 | D:2      | Reached XP level 5. HP: 21/21 MP: 2/12
  1669 | D:3      | Found Voemeles's Jewellery Shoppe.
  1710 | D:3      | Noticed Ijyb
  1764 | D:3      | Killed Ijyb
  1842 | D:3      | Reached skill level 1 in Hexes
  2063 | D:3      | Gained mutation: You are covered in thick fur. (AC +2)
                  | [Felid growth]
  2063 | D:3      | Reached XP level 6. HP: 24/24 MP: 7/13
  2070 | D:3      | Learned a level 3 spell: Summon Guardian Golem
  2290 | D:4      | Noticed Blork the orc
  2300 | D:4      | Killed Blork the orc
  2301 | D:4      | Reached skill level 6 in Summonings
  2422 | D:4      | Noticed Natasha
  2434 | D:4      | Killed Natasha
  2460 | D:4      | Found a bloodstained altar of Trog.
  2733 | D:5      | Entered Level 5 of the Dungeon
  2733 | D:5      | Noticed Eustachio
  2778 | D:5      | Killed from afar by a white imp
  2779 | D:5      | Reached XP level 5. HP: -2/21 MP: 2/12
  2888 | D:5      | Found a transporter.
  3117 | D:5      | Found a transporter.
  3198 | D:6      | Noticed a lemure
  3198 | D:6      | Noticed Pikel
  3198 | D:6      | Noticed a lemure
  3199 | D:6      | Noticed a lemure
  3200 | D:6      | Noticed a lemure
  3204 | D:6      | Noticed an ice beast
  3423 | D:5      | Reached XP level 6. HP: 24/24 MP: 14/14
  3608 | D:6      | Slain by a lemure

Illustrated notes

Levels and vault maps discovered:
D:1:      minmay_arrival_checkered_box, layout_basic,
          ebering_ecumenical_altar_webs
D:2:      layout_rooms, serial_undead, serial_undead_e, serial_undead_c,
          serial_undead_e, serial_undead_f, grunt_ministairs_1, uniq_sigmund
D:3:      layout_rooms, serial_shops, shop, uniq_ijyb
D:4:      layout_cave_pools, nicolae_overflow_crystal_walls, uniq_natasha,
          uniq_blork_the_orc
D:5:      gammafunk_cloud_chamber, layout_gridville, uniq_eustachio
D:6:      layout_rooms, mainiacjoe_overflow_two_lobes, zin_statuary,
          slow_altar_2, minmay_temple_entry_slanted, supply_closet_lemuel,
          uniq_pikel

Skill      XL: |  1  2  3  4  5  6 |
---------------+-------------------+-----
Spellcasting   | 4 |  4.7
Summonings     | 5 6 |  6.2
Hexes          | 3 2 |  3.1
Dodging        | |  2.6
Stealth        | |  2.6

Action                     |  1- 3 |  4- 6 || total
---------------------------+-------+-------++-------
  Melee: Unarmed           |    12 |     5 ||    17
         Bite              |     2 |       ||     2
   Cast: Summon Small Mamm |    47 |    30 ||    77
         Call Imp          |     5 |    16 ||    21
         Call Canine Famil |     4 |    17 ||    21
         Summon Guardian G |       |     4 ||     4
 Armour: Skin              |     6 |     8 ||    14
  Dodge: Dodged            |    57 |   109 ||   166

Table legend: (Time is in decaauts)
 A = Elapsed time spent in this place.
 B = Non-inter-level travel time spent in this place.
 C = Inter-level travel time spent in this place.
 D = Time resting spent in this place.
 E = Time spent auto-exploring this place.
 F = Levels seen in this place.
 G = Mean time per level.
                   A        B        C        D        E       F      G
               +--------+--------+--------+--------+--------+-----+--------+
         Total |   3030 |   2882 |    148 |      0 |   1639 |   6 |  505.0 |
       Dungeon |   3030 |   2882 |    148 |      0 |   1639 |   6 |  505.0 |
               +--------+--------+--------+--------+--------+-----+--------+

Top non-repeatable levels by time:
     D:1: 847 daAuts
     D:5: 671 daAuts
     D:4: 528 daAuts
     D:2: 511 daAuts
     D:3: 449 daAuts
     D:6: 22 daAuts
